 Dungeon Crawl Stone Soup version bcrawl-1.13.5 (webtiles) character file.

Game seed: 13433587944440322801

147 binko the Skirmisher (level 5, -5/47 HPs)
             Began as an Oni Wizard on Sept 4, 2019.
             Killed from afar by an orc wizard (9 damage)
             ... with a magic dart
             ... on level 4 of the Dungeon.
             The game lasted 00:09:51 (3061 turns).

binko the Skirmisher (Oni Wizard)                   Turns: 3061, Time: 00:09:52

Health: -5/47      AC:  2    Str: 10    XL:     5   Next: 29%
Magic:  0/10       EV: 12    Int: 21    God:
Gold:   224        SH:  0    Dex:  9    Spells: 2/8 levels left

rFire    . . .     SeeInvis .   (no weapon)
rCold    . . .     Gourm    +   (no shield)
rNeg     . . .     Faith    .   b - +0 animal skin
rPois    .         Spirit   .   c - +0 hat
rElec    .         Reflect  .   (no cloak)
rCorr    .         Harm     .   (no gloves)
MR       .....                  (no boots)
Stlth    ++........             e - amulet of the gourmand
HPRegen  0.15/turn              (no ring)
MPRegen  0.12/turn              (no ring)

@: very slightly contaminated
A: oni magic, claws 1, fangs 1, horns 1
a: no special abilities


You were on level 4 of the Dungeon.
You were completely stuffed.

You visited 1 branch of the dungeon, and saw 4 of its levels.

You collected 224 gold pieces.

Inventory:

Armour
 b - a +0 animal skin (worn)
 c - a +0 hat (worn)
Jewellery
 e - an amulet of the gourmand (around neck)
 k - an uncursed ring of ice {unknown}
Wands
 r - a wand of polymorph (11)
Scrolls
 a - 3 scrolls of teleportation
 g - 2 scrolls of identify
 i - 2 scrolls of blinking {unknown}
 j - 2 scrolls of remove curse {unknown}
 l - 3 scrolls of enchant armour {unknown}
 m - a scroll of immolation {unknown}
Potions
 h - a potion of agility {unknown}
 n - a potion of berserk rage {unknown}
 o - a potion of curing {unknown}
 p - a potion of haste {unknown}
 q - a potion of flight {unknown}
Comestibles
 f - 4 rations {!d}
 s - a chunk of flesh


   Skills:
 + Level 4.8 Fighting
 - Level 1.7 Dodging
 - Level 1.7 Stealth
 - Level 2.1 Spellcasting


You had 2 spell levels left.
You knew the following spells:

 Your Spells              Type           Power        Failure   Level  Hunger
a - Magic Dart            Conj           ##..         5%          1    #......
b - Blink                 Tloc           N/A          8%          2    ##.....
c - Mephitic Cloud        Conj/Pois/Air  ##......     19%         3    ###....

Your spell library contained the following spells:

 Spells                   Type           Power        Failure   Level  Hunger
 Apportation              Tloc           ##....       5%          1    #......
 Slow                     Hex            ##......     5%          1    #......
 Call Imp                 Summ           ##......     8%          2    ##.....
 Corpse Rot               Necr           N/A          8%          2    ##.....
 Conjure Flame            Conj/Fire      ##......     19%         3    ###....


Dungeon Overview and Level Annotations

Branches:
Dungeon (4/12)
 Temple: D:4-7

Altars:
Ashenzari


Innate Abilities, Weirdness & Mutations

You learn spells by gaining experience, not through books or religion.
You only train spellcasting to practice magic.
You have sharp fingernails.
You have very sharp teeth.
You have a pair of small horns on your head.


Message History

You miscast Blink.
You are very lightly contaminated with residual magic.
You spin around.
The hound bites you.
The orc wizard gestures wildly while chanting.
The orc wizard blinks!
The hound barely misses you. The howler monkey hits you!
* * * LOW HITPOINT WARNING * * *
As you read the scroll labeled TINOMUPTASS, it crumbles to dust.
It is a scroll of enchant weapon.
You aren't carrying any weapons that can be enchanted.
The hound misses you. The orc closely misses you. The howler monkey hits you.
* * * LOW HITPOINT WARNING * * *
An orc comes into view. It is wielding a +0 dagger.
As you read the scroll labeled GOGGIR ICLIAN, it crumbles to dust.
It is a scroll of identify.
a - 3 scrolls of teleportation The hound bites you but does no damage.
The howler monkey hits you.
* * * LOW HITPOINT WARNING * * *
The orc wizard gestures at you while chanting.
The magic dart hits you!
You die...

#####.....#
#.........#
#.........#
+.........#
###...o.....#
#.+....o.g..#
#.#Zg......%####...
#.hho.......'.$#...
#o@####.....##.#...
#....#
########.#..)
oo.oo..%# #o#...
######### #o#...
#g#... #..... ..
###.o.
...############...
.............##...


You could see a howler monkey, a hound, 2 orc wizards, 2 gnolls, 6 orcs and a
jackal skeleton.

Vanquished Creatures
  An orc priest (D:4)
  Jessica (D:2)
  3 adders
  2 worms
  4 dart slugs
  A leopard gecko (D:1)
  7 orcs
  A giant cockroach (D:2)
  2 goblins
  10 hobgoblins
  5 bats
  6 kobolds
  4 rats
47 creatures vanquished.

Notes
Turn   | Place    | Note
-------+----------+-------------------------------------------
     0 | D:1      | binko the Oni Wizard began the quest for the Orb.
     0 | D:1      | Reached XP level 1. HP: 14/14 MP: 5/5
   120 | D:1      | Reached skill level 1 in Fighting
   302 | D:1      | Reached XP level 2. HP: 23/23 MP: 7/7
   593 | D:1      | Reached skill level 2 in Fighting
   790 | D:2      | Noticed Jessica
   799 | D:2      | Killed Jessica
   799 | D:2      | Reached skill level 3 in Fighting
   799 | D:2      | Reached XP level 3. HP: 14/31 MP: 0/8
  1124 | D:2      | Reached XP level 4. HP: 3/38 MP: 0/9
  1153 | D:2      | Learned a level 2 spell: Blink
  1157 | D:2      | Learned a level 3 spell: Mephitic Cloud
  1756 | D:2      | Found a faded altar of an unknown god.
  2324 | D:3      | Found a shattered altar of Ashenzari.
  2396 | D:3      | Reached skill level 4 in Fighting
  2914 | D:4      | Reached XP level 5. HP: 47/47 MP: 3/10
  3061 | D:4      | Killed from afar by an orc wizard

Skill      XL: |  1  2  3  4 |
---------------+-------------+-----
Fighting       | 1 3 4 |  4.8
Dodging        | |  1.7
Stealth        | |  1.7
Spellcasting   | |  2.1

Action                   |  1- 3 |  4- 6 || total
-------------------------+-------+-------++-------
Melee: Staff             |    22 |       ||    22
       Headbutt          |    17 |     2 ||    19
       Unarmed           |    78 |    35 ||   113
       Bite              |     6 |     2 ||     8
 Cast: Magic Dart        |    18 |    64 ||    82
       Mephitic Cloud    |       |     2 ||     2
       Blink             |       |     1 ||     1
  Use: Scroll            |       |     2 ||     2
 Stab: Sleeping          |     1 |     1 ||     2
  Eat: Chunk             |     5 |    12 ||    17
Armor: Animal skin       |    27 |    12 ||    39
Dodge: Dodged            |    76 |    42 ||   118
